 Dungeon Crawl Stone Soup version 0.30.0-5-g1a98f26d00 (webtiles) character file.

Game seed: 3587376909303116598

11 MacCMillion the Shooter (level 2, 0/24 HPs)
             Began as a Demigod Hunter on May 8, 2023.
             Frozen to death by an endoplasm (4 damage)
             ... on level 1 of the Dungeon.
             The game lasted 00:00:25 (276 turns).

MacCMillion the Shooter (Demigod Hunter)             Turns: 276, Time: 00:00:26

Health: 0/24       AC:  3    Str: 12    XL:     2   Next: 3%
Magic:  4/4        EV: 12    Int: 11    God:
Gold:   39         SH:  0    Dex: 17    Spells: 1/1 levels left

rFire   . . .        a - +0 shortbow
rCold   . . .        (shield currently unavailable)
rNeg    . . .        c - +0 leather armour
rPois   .            (no helmet)
rElec   .            (no cloak)
rCorr   .            (no gloves)
SInv    .            (no boots)
Will    .....        (no amulet)
Stlth   ++           (no ring)
HPRegen 0.24/turn    (no ring)
MPRegen 0.09/turn

%: no passive effects
@: no status effects
A: high MP 1, forlorn, divine attributes
a: no special abilities


You were on level 1 of the Dungeon.
You visited 1 branch of the dungeon, and saw 1 of its levels.

You collected 39 gold pieces.

Inventory:

Hand Weapons
 a - a +0 shortbow (weapon)
Armour
 c - a +0 leather armour (worn)
Scrolls
 b - 2 scrolls of immolation
 d - 3 scrolls of poison {unknown}
Potions
 e - a potion of haste {unknown}
 f - a potion of heal wounds {unknown}


   Skills:
 - Level 1.7 Fighting
 + Level 3.8 Ranged Weapons
 - Level 1.7 Dodging
 + Level 1.6 Stealth


You had one spell level left.
You didn't know any spells.
Your spell library was empty.

Dungeon Overview and Level Annotations

Branches:
Dungeon (1/15)


Innate Abilities, Weirdness & Mutations

You have an increased reservoir of magic. (+10% MP)
You shall have no god before yourself.
Your divine heritage dramatically boosts your attributes as you level up.


Message History

No target in view!
The kobold throws a stone.
The stone closely misses you.
A kobold is nearby!
You shoot an arrow. The arrow closely misses the kobold.
An endoplasm comes into view.
You shoot an arrow. The arrow hits the kobold.
You kill the kobold!
A ball python comes into view.
The endoplasm freezes you.
You are frozen.
You shoot an arrow. The ball python hisses angrily.
The arrow hits the endoplasm.
The endoplasm is almost dead.
The endoplasm freezes you.
You are frozen.
You shoot an arrow. The arrow barely misses the endoplasm.
The ball python misses you. The ball python grabs you.
The ball python constricts you. The endoplasm freezes you.
You are frozen.
The ball python closely misses you. The ball python constricts you.
You shoot an arrow.
The arrow closely misses the ball python.
The endoplasm completely misses you. The ball python closely misses you.
The ball python constricts you. The endoplasm freezes you.
You are frozen.
The ball python bites you. The ball python constricts you.
The ball python's grasp on you weakens, but your attempt to escape fails.
The endoplasm freezes you.
You are frozen.
* * * LOW HITPOINT WARNING * * *
The ball python barely misses you. The ball python constricts you.
You escape the ball python's grasp.
The ball python attacks as you move away!
The ball python bites you.
* * * LOW HITPOINT WARNING * * *
The endoplasm freezes you.
You are frozen.
You die...

.# .############
............#
.##########.####
.# #........#
.#### #.###.##.#
....# #.# #.##.#
# ....###.#
#.##.####.####.
........#
#.....@.......#
....#####
#######JS.####.
....# ........
.)### ##.#.####
..####### #.#.#
........ #.#.#
..###.## #.# #
..#...## #.#
.......##


You could see an endoplasm and a ball python.

Vanquished Creatures
  A bat (D:1)
  An endoplasm (D:1)
  A quokka (D:1)
  A ball python (D:1)
  4 kobolds (D:1)
  3 rats (D:1)
11 creatures vanquished.

Notes
Turn   | Place    | Note
-------+----------+-------------------------------------------
     0 | D:1      | MacCMillion the Demigod Hunter began the quest for the Orb.
     0 | D:1      | Reached XP level 1. HP: 17/17 MP: 3/3
    29 | D:1      | Reached skill level 1 in Stealth
   226 | D:1      | Reached XP level 2. HP: 24/24 MP: 4/4
   276 | D:1      | Frozen to death by an endoplasm

Illustrated notes

Levels and vault maps discovered:
D:1:      dpeg_arrival_rooms_c, layout_loops_ring,
          hellmonk_ecumenical_altar_arch_garden, serial_park_tiny_2

Skill      XL: |  1 |
---------------+----+-----
Stealth        | 1 |  1.6
Fighting       | |  1.7
Ranged Weapons | |  3.8
Dodging        | |  1.7

Action                     || total
---------------------------++-------
   Fire: Shortbow          ||    37
 Armour: Leather armour    ||     6
  Dodge: Dodged            ||    19
